Map: Cerulean Fall LE

Players

SinTTT

  • Race: Terran Terran
  • League: Gold
  • Spawn Location: 1:00

jamestkirk - Winner!

  • Race: Protoss Protoss
  • League: Gold
  • Spawn Location: 7:00

VOD

Have the link to the VOD?

Description

Time

  • Played on: Aug. 27, 2018, 2:54 p.m.
  • Length: 18:37
Show
View Real Time Build Order
Export as new Build Order

SinTTT Terran 

Build Orders:  

Get SALT Encoding   

  12  0:01  SCV  
  13  0:13  SCV  
  14  0:20  Supply Depot  
  14  0:26  SCV  
  15  0:42  SCV  
  16  0:45  Barracks  
  16  0:54  SCV  
  17  1:06  SCV  
  17  1:07  Refinery  
  17  1:10  Refinery  
  18  1:18  SCV  
  19  1:30  SCV  
  20  1:34  Supply Depot  
  20  1:37  Marine  
  20  1:38  Engineering Bay  
  21  1:42  SCV  
  22  1:55  Orbital Command  
  23  2:21  Bunker  
  22  2:26  Marine  
  23  2:33  Factory  
  23  2:36  SCV  
  24  2:44  Marine  
  24  2:45  Missile Turret  
  24  2:49  SCV  
  26  2:56  Supply Depot  
  26  3:01  SCV, Marine  
  28  3:13  SCV  
  28  3:19  Marine  
  30  3:21  Starport  
  30  3:22  Starport  
  30  3:28  Missile Turret  
  30  3:35  Command Center, SCV  
  30  3:37  Marine  
  32  3:44  Factory Tech Lab  
  32  4:01  Starport Tech Lab x2  
  32  4:12  Refinery  
  32  4:16  Siege Tank  
  35  4:18  Refinery  
  35  4:20  Banshee  
  35  4:22  Cloaking Field  
  38  4:28  Supply Depot  
  38  4:41  Banshee  
  38  4:42  SCV  
  42  4:51  Supply Depot  
  42  4:54  SCV  
  42  4:55  Fusion Core  
  43  5:07  Banshee  
  46  5:15  Missile Turret  
  46  5:30  Banshee  
  49  5:43  Supply Depot  
  49  5:57  Missile Turret  
  52  6:04  Planetary Fortress  
  52  6:35  Supply Depot  
  52  6:39  Battlecruiser  
  55  6:43  Battlecruiser  
  61  6:57  Missile Turret  
  61  7:04  SCV  
  62  7:16  SCV  
  62  7:22  Weapon Refit  
  63  7:29  SCV  
  64  7:41  SCV  
  62  7:53  SCV  
  69  8:05  Battlecruiser x2  
  69  8:09  Supply Depot  
  69  8:10  SCV  
  67  8:22  SCV  
  68  8:34  Marine  
  68  8:36  Bunker  
  69  8:52  Marine  
  70  9:10  Marine  
  70  9:12  Bunker  
  71  9:20  Battlecruiser x2  
  83  9:28  Marine, Supply Depot  
  84  9:43  Command Center  
  84  9:45  Marine  
  84  9:46  Missile Turret  
  85  9:56  Starport  
  85  10:03  Marine  
  86  10:11  Refinery  
  86  10:12  SCV  
  87  10:15  Refinery  
  87  10:24  SCV  
  87  10:27  Barracks Reactor  
  88  10:36  Starport Tech Lab  
  88  10:40  Supply Depot  
  88  10:46  Battlecruiser x2  
  100  11:04  Missile Turret  
  100  11:18  Planetary Fortress  
  100  11:53  Battlecruiser x2  
  112  11:54  Battlecruiser  
  112  12:00  Supply Depot  
  118  12:03  SCV  
  119  12:15  SCV  
  120  12:20  Armory  
  120  12:25  SCV  
  121  12:31  Supply Depot  
  121  12:54  Supply Depot  
  121  13:01  Sensor Tower  
  121  13:05  Supply Depot  
  121  13:08  Terran Ship Weapons Level 1, Armory  
  123  13:31  Raven, Battlecruiser x2  
  135  13:37  SCV  
  136  13:49  SCV  
  137  13:58  Terran Vehicle And Ship Armor Level 1  
  137  14:01  SCV  
  137  14:02  Supply Depot  
  138  14:05  Sensor Tower  
  144  14:38  Battlecruiser, Supply Depot  
  127  16:07  Battlecruiser x3  
  145  16:24  Command Center  
  63  17:40  Bunker  
  63  17:41  Siege Tank  
Show
View Real Time Build Order
Export as new Build Order

jamestkirk Protoss - Winner!

Build Orders:  

Get SALT Encoding   

  12  0:01  Probe  
  13  0:13  Probe  
  14  0:21  Pylon  
  14  0:25  Probe  
  15  0:35  Probe  
  15  0:41  Gateway  
  16  0:43  Probe  
  16  0:49  Assimilator  
  17  0:53  Probe  
  18  1:05  Assimilator  
  18  1:06  Probe  
  19  1:23  Gateway  
  19  1:25  Probe  
  20  1:29  Cybernetics Core  
  20  1:35  Pylon  
  20  1:45  Probe  
  20  1:53  Probe  
  22  2:11  Stalker x2  
  25  2:25  Warp Gate  
  25  2:28  Pylon  
  25  2:32  Probe  
  26  2:41  Stalker x2  
  26  2:44  Probe  
  31  2:56  Probe  
  32  3:08  Probe  
  32  3:11  Nexus  
  33  3:24  Robotics Facility  
  33  3:56  Probe  
  33  4:02  Pylon  
  34  4:04  Probe  
  35  4:11  Observer  
  35  4:13  Probe  
  37  4:22  Probe  
  37  4:25  Shield Battery  
  37  4:26  Probe  
  37  4:30  Probe  
  39  4:38  Probe  
  41  4:39  Probe  
  42  4:47  Probe  
  42  4:51  Probe  
  44  4:54  Gateway  
  44  4:55  Gateway, Probe  
  44  4:59  Immortal  
  49  5:04  Probe x2  
  50  5:11  Assimilator  
  50  5:13  Stalker x2  
  55  5:14  Assimilator  
  55  5:16  Probe x2  
  57  5:28  Probe x2  
  59  5:40  Probe x2  
  61  5:52  Probe  
  62  6:10  Pylon, Probe  
  62  6:14  Pylon  
  62  6:24  Probe  
  62  6:27  Robotics Bay, Immortal  
  62  6:28  Probe  
  68  6:34  Probe  
  68  6:39  Probe  
  69  6:42  Nexus, Probe  
  69  6:44  Pylon  
  69  6:46  Pylon  
  71  6:47  Probe  
  71  6:49  Pylon  
  71  6:51  Probe  
  72  6:55  Probe  
  72  6:59  Observer  
  74  7:02  Forge  
  74  7:03  Probe  
  74  7:05  Forge  
  74  7:06  Probe  
  77  7:15  Shield Battery, Probe  
  77  7:18  Probe  
  77  7:21  Shield Battery  
  67  7:22  Stalker  
  67  7:23  Stalker  
  67  7:27  Probe  
  72  7:30  Probe  
  73  7:39  Probe  
  69  8:15  Pylon  
  69  8:19  Pylon  
  69  8:21  Probe  
  69  8:22  Probe  
  69  8:25  Pylon  
  71  8:29  Probe  
  71  8:30  Probe  
  72  8:39  Probe x2  
  73  8:42  Pylon  
  75  8:48  Photon Cannon  
  75  8:51  Probe  
  75  8:52  Photon Cannon  
  76  8:58  Photon Cannon  
  76  9:01  Photon Cannon, Stalker x3  
  82  9:05  Probe x2  
  82  9:06  Protoss Ground Armor Level 1, Protoss Ground Weapons Level 1  
  84  9:15  Colossus  
  84  9:17  Probe x2  
  85  9:18  Probe  
  85  9:22  Extended Thermal Lance  
  87  9:24  Shield Battery, Photon Cannon x2  
  87  9:29  Probe x2  
  87  9:30  Probe  
  96  9:38  Pylon  
  96  9:41  Probe x2  
  96  9:42  Probe  
  96  9:44  Photon Cannon  
  99  9:46  Photon Cannon  
  99  9:53  Probe  
  99  9:59  Photon Cannon  
  100  10:08  Pylon  
  100  10:09  Observer  
  100  10:11  Pylon  
  100  10:13  Pylon  
  101  10:15  Gateway  
  101  10:19  Gateway  
  101  10:22  Gateway  
  101  10:23  Gateway  
  101  10:26  Gateway  
  101  10:31  Gateway x2  
  101  10:36  Pylon  
  101  10:38  Colossus, Pylon  
  101  10:44  Gateway, Stalker x4  
  101  10:46  Photon Cannon  
  115  11:13  Assimilator  
  115  11:17  Assimilator  
  115  11:27  Nexus  
  115  11:28  Pylon, Stalker x4  
  115  11:31  Colossus, Pylon  
  129  11:35  Pylon  
  129  11:45  Twilight Council  
  129  11:52  Photon Cannon  
  129  11:54  Photon Cannon  
  129  11:56  Photon Cannon  
  129  11:59  Pylon  
  129  12:03  Pylon  
  129  12:05  Stalker x7  
  129  12:06  Stalker  
  145  12:12  Photon Cannon  
  145  12:13  Photon Cannon  
  145  12:25  Photon Cannon  
  145  12:28  Photon Cannon  
  145  12:31  Photon Cannon  
  145  12:33  Protoss Ground Armor Level 2, Protoss Ground Weapons Level 2  
  145  12:34  Photon Cannon  
  145  12:38  Shield Battery  
  145  12:52  Stalker  
  145  12:53  Stalker x8  
  145  12:55  Charge  
  163  13:02  Colossus  
  163  13:09  Stalker  
  163  13:10  Stalker  
  173  13:31  Stalker x4  
  181  13:47  Warp Prism  
  181  13:58  Assimilator  
  181  13:59  Probe x2  
  181  14:00  Probe x2  
  181  14:01  Assimilator  
  187  14:16  Stalker x6  
  193  15:30  Pylon  
  193  15:32  Pylon  
  183  15:37  Pylon  
  183  15:39  Pylon  
  183  15:42  Pylon  
  171  15:43  Pylon  
  171  15:46  Pylon x2  
  171  15:47  Pylon  
  171  15:48  Pylon  
  171  15:49  Pylon  
  171  15:55  Stalker x4  
  178  16:17  Pylon  
  178  16:18  Pylon  
  178  16:20  Pylon  
  178  16:22  Pylon  
  178  16:29  Blink  
  178  16:32  Stalker x4  
  186  16:48  Pylon  
  186  16:51  Pylon  
  142  17:10  Stalker x8  
  142  17:11  Stalker x2  
  124  17:48  Stalker x10  
Tags
 
Add a new tag
Caveats
  • Supply blocks, unpowered buildings, or Contaminate may cause inaccurate times.
  • Supply counts are checked every 10 seconds.